 Dungeon Crawl Stone Soup version 0.25-a0-435-g4b9beb1 (webtiles) character file.

Game seed: 7066681539252368078, levelgen mode: deterministic

2658 AngryBottledMilk the Cleaver (level 9, 0/79 HPs)
             Began as a Minotaur Berserker on Jan 27, 2020.
             Was an Elder of Trog.
             Slain by an orc warrior
             ... wielding a +4 halberd
              (4 damage)
             ... on level 8 of the Dungeon.
             The game lasted 00:15:15 (6975 turns).

AngryBottledMilk the Cleaver (Minotaur Berserker)   Turns: 6975, Time: 00:15:16

Health: 0/79       AC: 10    Str: 24    XL:     9   Next: 36%
Magic:  8/8        EV: 13    Int:  4    God:    Trog [****..]
Gold:   557        SH:  0    Dex: 14    Spells: 8/8 levels left

rFire    . . .     SeeInvis +   l - +0 broad axe
rCold    . . .     Gourm    .   (no shield)
rNeg     . . .     Faith    .   g - +1 scale mail
rPois    .         Spirit   .   (helmet restricted)
rElec    .         Reflect  .   D - +0 cloak
rCorr    .         Harm     .   (no gloves)
MR       .....                  (no boots)
Stlth    ..........             (no amulet)
HPRegen  0.23/turn              k - ring of see invisible
MPRegen  0.11/turn              o - +3 ring of dexterity

@: no status effects
A: retaliatory headbutt, horns 2
a: Berserk, Trog's Hand, Brothers in Arms, Renounce Religion


You were on level 8 of the Dungeon.
You worshipped Trog.
Trog was greatly pleased with you.
You were not hungry.

You visited 2 branches of the dungeon, and saw 9 of its levels.

You collected 557 gold pieces.

Inventory:

Hand Weapons
 l - a +0 broad axe (weapon)
 r - a +0 war axe
Missiles
 f - 21 poisoned darts (quivered)
Armour
 g - a +1 scale mail (worn)
 D - a +0 cloak (worn)
Jewellery
 k - a ring of see invisible (left hand)
 o - a +3 ring of dexterity (right hand)
 y - an uncursed amulet of harm
Wands
 a - a wand of clouds (5)
 B - a wand of iceblast (8)
 C - a wand of random effects (17)
Scrolls
 e - 3 scrolls of enchant armour
 n - a scroll of random uselessness {unknown}
 p - a scroll of blinking {unknown}
 q - 5 scrolls of identify {unknown}
 t - 2 scrolls of remove curse {unknown}
 u - 2 scrolls of teleportation
 v - 2 scrolls of amnesia {unknown}
 A - 3 scrolls of magic mapping
 E - a scroll of fear {unknown}
 F - a scroll of enchant weapon {unknown}
Potions
 b - a potion of ambrosia {unknown}
 d - 8 potions of curing {unknown}
 h - a potion of might {unknown}
 i - 2 potions of agility {unknown}
 j - 4 potions of brilliance {unknown}
 m - 2 potions of lignification {unknown}
 s - 2 potions of heal wounds {unknown}
 w - 2 potions of magic {unknown}
 x - 2 potions of mutation {unknown}
 z - 2 potions of flight {unknown}
Comestibles
 c - 8 rations
 G - 9 chunks of flesh


   Skills:
 + Level 7.1 Fighting
 + Level 10.6 Axes
 + Level 8.8 Armour
 + Level 4.6 Dodging
 + Level 1.2 Stealth


You had 8 spell levels left.
You didn't know any spells.
Your spell library was empty.

Dungeon Overview and Level Annotations

Branches:
Dungeon (8/15)             Temple (1/1) D:5
   Lair: D:8-11

Altars:
Elyvilon
Fedhas
Gozag
Hepliaklqana
Makhleb
Nemelex Xobeh
Okawaru
Ru
Sif Muna
Trog
Wu Jian
Xom
Yredelemnul
The Shining One


Innate Abilities, Weirdness & Mutations

You reflexively headbutt those who attack you in melee.
You have a pair of horns on your head.


Message History

You are too injured to fight recklessly!
You are too injured to fight recklessly!
You are too injured to fight recklessly!
You are too injured to fight recklessly!
You are too injured to fight recklessly!
You closely miss the orc. Your headbutt misses the orc.
The orc is almost dead.
The orc completely misses you. You furiously retaliate!
You headbutt the orc.
You kill the orc!
Trog accepts your kill. The orc warrior misses you.
Items here: ))) [[[ The orc warrior hits you with a +4 halberd!
You barely miss the orc warrior.
The orc warrior hits you with a +4 halberd!!
* * * LOW HITPOINT WARNING * * *
You closely miss the orc warrior. You headbutt the orc warrior.
The orc warrior is lightly wounded.
The orc warrior hits you with a +4 halberd.
You die...

.##.......#
###....)..# #.#
######### #.# #.# #
#.# # #.# # #.# ##
########.#
.########......)@#
..........######o..#
########### #.#.# #
#.#.# # #.# . #.# ##
#.# #.#


You could see an orc warrior.

Vanquished Creatures
  Prince Ribbit (D:6)
  Eustachio (D:6)
  An ice beast (D:6)
  A phantom (D:5)
  3 ogres
  3 centaurs
  3 bullfrogs
  3 scorpions
  A crimson imp (D:7)
  3 bullfrog zombies
  Crazy Yiuf (D:6)
  3 jellies
  A centaur skeleton (D:4)
  4 hounds
  10 orc wizards
  3 orc priests
  3 bullfrog skeletons
  6 worker ants
  A killer bee zombie (D:7)
  A worker ant zombie (D:5)
  3 gnolls (D:6)
  7 adders
  2 shadow imps
  3 oozes
  An adder zombie (D:6)
  3 adder skeletons
  2 worms
  4 dart slugs
  3 leopard geckos
  36 orcs
  A ball python (D:5)
  3 giant cockroaches
  8 goblins
  8 hobgoblins
  5 jackals
  4 quokkas
  6 bats
  6 frilled lizards
  A kobold (D:2)
  A quokka zombie (D:6)
  A rat (D:2)
161 creatures vanquished.

Notes
Turn   | Place    | Note
-------+----------+-------------------------------------------
     0 | D:1      | AngryBottledMilk the Minotaur Berserker began the quest for
                  | the Orb.
     0 | D:1      | Reached XP level 1. HP: 19/19 MP: 0/0
   390 | D:1      | Reached XP level 2. HP: 22/27 MP: 1/1
   725 | D:2      | Reached skill level 4 in Axes
   732 | D:2      | Reached XP level 3. HP: 18/34 MP: 2/2
  1030 | D:2      | Found a sparkling altar of Nemelex Xobeh.
  1057 | D:2      | Reached ** piety under Trog
  1331 | D:2      | Reached XP level 4. HP: 41/41 MP: 3/3
  1463 | D:3      | Reached skill level 5 in Axes
  1905 | D:3      | Reached XP level 5. HP: 46/47 MP: 4/4
  2317 | D:4      | Noticed an ogre
  2511 | D:4      | Noticed an ogre
  2518 | D:4      | Killed an ogre
  2518 | D:4      | Reached skill level 6 in Axes
  2518 | D:4      | Reached XP level 6. HP: 42/55 MP: 5/5
  2671 | D:4      | Reached skill level 5 in Fighting
  2818 | D:4      | Reached skill level 5 in Armour
  2981 | D:4      | Reached XP level 7. HP: 54/61 MP: 6/6
  3195 | D:4      | Reached skill level 7 in Axes
  3499 | D:5      | Entered Level 5 of the Dungeon
  3593 | D:5      | Found a hazy altar of Hepliaklqana.
  3641 | D:5      | Reached *** piety under Trog
  3908 | D:5      | Reached XP level 8. HP: 67/70 MP: 7/7
  3980 | D:5      | Found a staircase to the Ecumenical Temple.
  4008 | Temple   | Entered the Ecumenical Temple
  4449 | D:5      | Reached skill level 8 in Axes
  4977 | D:6      | Noticed Eustachio
  4988 | D:6      | Killed Eustachio
  5006 | D:6      | Reached skill level 9 in Axes
  5085 | D:6      | Found a shimmering altar of Xom.
  5171 | D:6      | Found a runed translucent door.
  5172 | D:6      | Noticed Crazy Yiuf
  5181 | D:6      | Killed Crazy Yiuf
  5625 | D:6      | Reached skill level 1 in Stealth
  5876 | D:6      | Noticed Prince Ribbit
  5879 | D:6      | Killed Prince Ribbit
  5879 | D:6      | Reached XP level 9. HP: 77/78 MP: 8/8
  6240 | D:7      | Reached skill level 10 in Axes
  6245 | D:7      | Reached **** piety under Trog
  6555 | D:7      | Found a blossoming altar of Fedhas.
  6975 | D:8      | Slain by an orc warrior

Levels and vault maps discovered:
D:1:      lightli_arrival_windingriver, layout_rooms, minmay_stone_trees_medium,
          moated_statue
D:2:      layout_basic, nicolae_overflow_crystal_walls, grunt_decor_one_mirror
D:3:      layout_rooms
D:4:      layout_cave_pods
D:5:      layout_cave_pods, lemuel_doored_altar,
          minmay_temple_entry_drinking_statues, first_ration
D:6:      layout_loops_corners, xom_butterflies, uniq_prince_ribbit1,
          uniq_eustachio, uniq_crazy_yiuf_cottage
D:7:      layout_basic, fedhas_altar_1
D:8:      layout_loops_cross, basic_altar, uniq_joseph
Temple:   compressed_dpeg_circular_temple

Skill      XL: |  1  2  3  4  5  6  7  8  9 |
---------------+----------------------------+-----
Fighting       | 4 5 6 7 |  7.1
Axes           | 4 5 6 7 9 10 | 10.6
Armour         | 3 4 5 6 8 |  8.8
Dodging        | 3 4 |  4.6
Stealth        | 1 |  1.2

Action                   |  1- 3 |  4- 6 |  7- 9 || total
-------------------------+-------+-------+-------++-------
Melee: Hand axe          |    63 |   100 |   229 ||   392
       Headbutt          |     9 |    23 |    77 ||   109
       War axe           |       |       |    43 ||    43
       Broad axe         |       |       |    12 ||    12
Invok: Berserk           |       |       |     2 ||     2
  Use: Scroll            |       |     3 |       ||     3
  Eat: Chunk             |     1 |     3 |    10 ||    14
       Ration            |       |     1 |     1 ||     2
Armor: Animal skin       |     5 |       |       ||     5
       Scale mail        |    23 |    33 |    92 ||   148
Dodge: Dodged            |    41 |    60 |   144 ||   245

Table legend:
 A = Non-vault XP
 B = Vault XP
 C = Vault XP percentage of total XP
 D = Non-vault monster count
 E = Vault monster count
 F = Vault count percentage of total count
                 A         B        C        D         E       F
            +---------+---------+-------+---------+---------+-------
      Total |    3294 |     504 |  13.3 |     158 |       3 |   1.9
            +---------+---------+-------+---------+---------+-------
        D:1 |      17 |       0 |   0.0 |       8 |       0 |   0.0
        D:2 |      92 |       0 |   0.0 |      25 |       0 |   0.0
        D:3 |      87 |       0 |   0.0 |      12 |       0 |   0.0
        D:4 |     861 |       0 |   0.0 |      33 |       0 |   0.0
        D:5 |     639 |       0 |   0.0 |      30 |       0 |   0.0
        D:6 |     705 |     504 |  41.7 |      22 |       3 |  12.0
        D:7 |     566 |       0 |   0.0 |      21 |       0 |   0.0
        D:8 |     327 |       0 |   0.0 |       7 |       0 |   0.0
            +---------+---------+-------+---------+---------+-------
